 Dungeon Crawl Stone Soup version 0.31.0-12-g77e489cdc1 (webtiles) character file.

Game seed: 1478066516543001711

42527 hawla the Tortoise (level 13, -1/96 HPs)
             Began as a Minotaur Fighter on Feb 21, 2024.
             Was an Elder of Yredelemnul.
             Slain by a soul eater (8 damage)
             ... summoned by an orc high priest
             ... while paralysed by an orc sorcerer
             ... on level 2 of the Orcish Mines.
             The game lasted 00:48:53 (17816 turns).

hawla the Tortoise (Minotaur Fighter)              Turns: 17816, Time: 00:48:54

Health: -1/96      AC: 17    Str: 26    XL:     13   Next: 85%
Magic:  13/13      EV:  2    Int:  4    God:    Yredelemnul [****..]
Gold:   1636       SH:  0    Dex: 15    Spells: 12/12 levels left

rFire   x . .        e - +4 war axe (freeze)
rCold   + . .        C - +1 kite shield
rNeg    . . .        p - +0 scale mail of Soapadaw {rElec Dex+2 Stlth+}
rPois   +            O - +2 hat {Stlth+}
rElec   +            m - scarf {repulsion}
rCorr   .            L - +1 pair of gloves {hurl}
SInv    .            G - +0 pair of boots
Will    .....        H - amulet of reflection
Stlth   ++           r - +5 ring of evasion
HPRegen 0.36/turn    E - ring of ice
MPRegen 0.13/turn

%: repel missiles, reflection
@: paralysed, about to teleport
A: horns 2, retaliatory headbutt, agile 1, frail 1, poison resistance, inability
to read after injury 1
a: Renounce Religion, Recall Undead Harvest, Dark Bargain, Drain Life


You were on level 2 of the Orcish Mines.
You worshipped Yredelemnul.
Yredelemnul was noncommittal.
You visited 4 branches of the dungeon, and saw 19 of its levels.
You also visited: Ice Cave and Volcano.

You collected 1774 gold pieces.
You spent 138 gold pieces at shops.

Inventory:

Hand Weapons
 c - a +1 hand cannon of flaming
 e - a +4 war axe of freezing (weapon)
 k - a +3 great mace of flaming
 w - a +1 hand axe of flaming
 P - a +5 whip of draining
 S - the +6 orcbow of the Painted God {heavy, rF+ Int+3}
   (You found it in an ice cave)

   Int+3:     It affects your intelligence (+3).
   rF+:       It protects you from fire.
Missiles
 o - 34 poisoned darts (quivered)
 t - 4 throwing nets
 K - 2 boomerangs
Armour
 m - a scarf of repulsion (worn)
 p - the +0 scale mail of Soapadaw (worn) {rElec Dex+2 Stlth+}
   (You found it on level 3 of the Dungeon)

   Dex+2:     It affects your dexterity (+2).
   rElec:     It insulates you from electricity.
   Stlth+:    It makes you more stealthy.
 C - a +1 kite shield (worn)
 G - a +0 pair of boots (worn)
 L - a +1 pair of gloves of hurling (worn)
 O - a +2 hat of stealth (worn)
Jewellery
 a - a ring of willpower
 r - a +5 ring of evasion (left hand)
 y - a +4 ring of protection
 B - a ring of flight
 E - a ring of ice (right hand)
 H - an amulet of reflection (around neck)
 J - a ring of see invisible
Wands
 q - a wand of iceblast (1)
 v - a wand of digging (12)
 z - a wand of flame (14)
 D - a wand of paralysis (2)
 I - a wand of polymorph (5)
 Q - a wand of quicksilver (6)
Scrolls
 b - 2 scrolls of revelation
 h - a scroll of fog
 l - 4 scrolls of vulnerability
 F - a scroll of silence
 R - a scroll of torment
 T - a scroll of identify
Potions
 d - 2 potions of might
 f - a potion of berserk rage
 i - 3 potions of haste
 j - a potion of mutation
 n - a potion of cancellation
 s - a potion of brilliance
 u - a potion of ambrosia
 x - 3 potions of lignification {unknown}
 A - a potion of enlightenment {unknown}
 N - a potion of attraction


   Skills:
 - Level 8.0 Fighting
 - Level 16.0 Axes
 - Level 6.3 Throwing
 - Level 18.0 Armour
 - Level 3.0 Dodging
 - Level 10.0 Shields
 + Level 1.7 Invocations
 - Level 6.0 Evocations


You had 12 spell levels left.
You didn't know any spells.
Your spell library was empty.

Dungeon Overview and Level Annotations

Branches:
Dungeon (14/15)            Temple (1/1) D:4            Lair (2/5) D:11
    Orc (2/2) D:11            Elf (0/3) Orc:2         IceCv (visited)
Volcano (visited)
  Swamp: Lair:2-3    Shoals: Lair:2-3     Snake: Lair:2-3    Spider: Lair:2-3
 Vaults: D:13-14

Altars:
Ashenzari
Cheibriados
Dithmenos
Elyvilon
Fedhas
Gozag
Hepliaklqana
Kikubaaqudgha
Makhleb
Nemelex Xobeh
Okawaru
Qazlal
Ru
Sif Muna
Trog
Uskayaw
Vehumet
Wu Jian
Xom
Yredelemnul
Zin
The Shining One

Shops:
D:12 *   Orc:2 *([=

Annotations:
D:7 2 transporters, aheadsounds's ghost, weakling FeDe
D:10 1 runed translucent door


Innate Abilities, Weirdness & Mutations

You have a pair of horns on your head.
You reflexively headbutt those who attack you in melee.
You are agile. (Dex +4, Str/Int -1)
You are frail. (-10% HP)
Your system is resistant to poisons. (rPois)
You occasionally lose the ability to read scrolls when taking damage.


Message History

The soul eater draws from the surrounding life force!
* * * LOW HITPOINT WARNING * * *
Something hits your orc sorcerer zombie!
Something freezes your orc sorcerer zombie.
Your orc sorcerer zombie resists.
Your orc warlord zombie completely misses the sixfirhy.
As you read the scroll of teleportation, it crumbles to dust.
You feel strangely unstable.
The orc sorcerer no longer looks unusually strong.
Your orc high priest zombie misses the sixfirhy.
Your orc sorcerer zombie barely misses the orc sorcerer.
The orc sorcerer closely misses you.
The neqoxec hits your orc warlord zombie.
The orc sorcerer hits your orc sorcerer zombie with a +0 dagger.
The soul eater draws from the surrounding life force!
Something hits your orc sorcerer zombie.
Something freezes your orc sorcerer zombie.
Your orc sorcerer zombie resists.
You block the sixfirhy's attack.
Your orc warlord zombie hits the sixfirhy!
The sixfirhy hits you but does no damage.
You block the sixfirhy's attack. x2
The orc sorcerer hits your orc sorcerer zombie with a +0 dagger!
The orc sorcerer casts a spell at you.
You suddenly lose the ability to move!
The neqoxec barely misses your orc warlord zombie.
Your orc high priest zombie closely misses the sixfirhy.
The sixfirhy hits you but does no damage.
Your orc sorcerer zombie misses the orc sorcerer.
The sixfirhy hits you.
* * * LOW HITPOINT WARNING * * *
The sixfirhy shocks you. You resist.
* * * LOW HITPOINT WARNING * * *
The sixfirhy hits you but does no damage. x2
Your orc warlord zombie barely misses the sixfirhy.
The neqoxec hits your orc warlord zombie.
The orc sorcerer hits your orc sorcerer zombie with a +0 dagger.
The soul eater draws from the surrounding life force!
You die...
Your body rises from the dead as a mindless zombie.

....).............,,,,,,,,,,,,,,,
#...)))........#.##.P....,,,,,,*,
......#.........##....P..,,,,,,,,
.....).......#..........P,,,,,,,,
......................8(.,,,,,,,,
.#...........#....3..(.∩.,,,,,,,,
##.....<........Z3o.(....,,,,,,,*
#...............Z3o4.....,,,,,,,,
#...............@o#.4,,,,,,,,,,,,
.................ZZoo..PP,,,*,**,
#.....P...8.......###P...,**,,,**
#..........∩.........*,.#****,***
*,.#....PP............,,,* ****,
,,,...........P........,** *,,
*,,,......P........#.##** **,
****...P............## **
*...##..........##


You could see a soul eater (summoned), an orc high priest, an ice devil
(summoned), a sixfirhy (summoned, ally target), a neqoxec (summoned), 2 orc
sorcerers, 2 orc warriors, a friendly orc high priest zombie, a friendly orc
knight zombie, a friendly orc sorcerer zombie and a friendly orc warlord zombie.

Vanquished Creatures
  An orc warlord (Orc:2)
  A red draconian (Volcano)
  Fannar (D:12)
  Erolcha (D:13)
  A centaur warrior (Volcano)
  5 two-headed ogres
  5 boulder beetles
  2 orc high priests (Orc:2)
  A lindwurm (Lair:1)
  An ugly thing (IceCv)
  5 orc knights
  2 orc sorcerers
  A manticore (D:13)
  4 cyclopes
  3 meliai (D:13)
  2 elephants (D:11)
  2 kobold blastminers
  2 ice statues (IceCv)
  2 molten gargoyles (Volcano)
  4 cane toads (Lair:1)
  A yaktaur (Volcano)
  An unseen horror (D:10)
  A rime drake (Lair:2)
  2 kobold demonologists
  A freezing wraith (IceCv)
  2 komodo dragons
  An anaconda simulacrum (IceCv)
  5 trolls
  A polar bear (Lair:1)
  A tarantella (Lair:1)
  3 blink frogs (Lair:2)
  Prince Ribbit (D:7)
  A jumping spider (Lair:1)
  4 slime creatures (D:12)
  2 wyverns
  Sigmund (D:6)
  A shadow (D:9)
  19 yaks
  2 vampires
  A wraith (D:10)
  2 fire bats (Volcano)
  Eustachio (D:6)
  A redback (Lair:1)
  2 steam dragons
  6 wargs
  2 hell hounds (Lair:1)
  2 death yak simulacra (IceCv)
  3 acid dragons
  A hydra simulacrum (IceCv)
  A water moccasin (Lair:2)
  17 orc warriors
  4 ice beasts
  2 black bears
  2 sky beasts
  7 ogres
  5 centaurs
  4 wolves (Lair:1)
  3 kobold brigands (D:9)
  Blork the orc (D:6)
  4 bullfrogs
  3 gnoll sergeants
  2 two-headed ogre simulacra (Orc:2)
  2 scorpions
  A cane toad simulacrum (IceCv)
  9 killer bees
  4 howler monkeys
  7 lava snakes
  4 bombardier beetles
  12 orc priests
  Crazy Yiuf (D:5)
  A gnoll bouda (D:10)
  6 hounds
  5 jellies
  2 sleepcaps
  3 iguanas
  12 orc wizards
  2 troll simulacra (Orc:2)
  A wolf simulacrum (IceCv)
  8 adders
  24 gnolls
  2 naga simulacra (Orc:2)
  A white imp (D:5)
  2 ufetubi (D:7)
  2 dart slugs (D:1)
  A ribbon worm (D:2)
  54 orcs
  6 ball pythons
  5 bats
  4 endoplasms
  2 giant cockroaches
  7 goblins
  6 hobgoblins
  10 jackals
  4 quokkas
  A frilled lizard (D:1)
  18 kobolds
  4 rats
405 creatures vanquished.

Vanquished Creatures (collateral kills)
  A boulder beetle (Lair:1)
  An orc knight (Orc:2)
  An orc sorcerer (Orc:2)
  2 cane toads (Lair:1)
  A troll (Orc:2)
  A tarantella (Lair:1)
  4 yaks (Lair:1)
  A water moccasin (Lair:1)
  4 orc warriors (Orc:2)
  An ogre (Orc:2)
  A lava snake (Lair:1)
  3 orc wizards (Orc:2)
  A troll simulacrum (Orc:2)
  A spriggan simulacrum (Orc:2)
  4 orcs
27 creatures vanquished.

Vanquished Creatures (others)
  A redback zombie (Lair:1)
  A tarantella zombie (Lair:1)
  A yaktaur zombie (Volcano)
  2 kobold zombies
  4 warg zombies (Orc:2)
  A water moccasin zombie (Lair:2)
  A troll zombie (Orc:2)
  A yak zombie (Lair:1)
  A wolf zombie (Lair:1)
  2 centaur zombies (Volcano)
  A bullfrog zombie (Lair:1)
  An ogre zombie (Orc:2)
  3 lava snake zombies (Volcano)
  An orc (D:12)
  20 orc zombies
41 creatures vanquished.

Grand Total: 473 creatures vanquished

Notes
Turn   | Place    | Note
-------+----------+-------------------------------------------
     0 | D:1      | hawla the Minotaur Fighter began the quest for the Orb.
     0 | D:1      | Reached XP level 1. HP: 19/19 MP: 0/0
    44 | D:1      | Reached skill level 1 in Dodging
    79 | D:1      | Found a faded altar of an unknown god.
   110 | D:1      | Reached XP level 2. HP: 26/26 MP: 1/1
   717 | D:2      | Reached XP level 3. HP: 31/31 MP: 2/2
  1286 | D:2      | Found a broken altar of Ashenzari.
  1518 | D:3      | Reached XP level 4. HP: 14/39 MP: 3/3
  1727 | D:3      | Reached skill level 5 in Axes
  1796 | D:3      | Reached XP level 5. HP: 45/45 MP: 4/4
  1818 | D:3      | Identified the +0 scale mail of Soapadaw {rElec Dex+2
                  | Stlth+}
  2438 | D:4      | Noticed an ice beast
  2449 | D:4      | Killed an ice beast
  2450 | D:4      | Reached XP level 6. HP: 51/51 MP: 5/5
  2484 | D:4      | You fall into a shaft and drop 3 floors!
  2570 | D:5      | Entered Level 5 of the Dungeon
  2648 | D:5      | Noticed an ice beast
  2758 | D:5      | Reached XP level 7. HP: 54/57 MP: 6/6
  2785 | D:5      | Found a broken altar of Ashenzari.
  3166 | D:5      | Reached skill level 10 in Axes
  3462 | D:4      | Found a staircase to the Ecumenical Temple.
  3732 | D:4      | Reached XP level 8. HP: 58/64 MP: 7/7
  4236 | D:5      | Found a runed translucent door.
  4237 | D:5      | Noticed Crazy Yiuf
  4242 | D:5      | Killed Crazy Yiuf
  4384 | D:6      | Noticed Eustachio
  4410 | D:6      | Killed Eustachio
  4570 | D:6      | Noticed Blork the orc
  4579 | D:6      | Killed Blork the orc
  4774 | D:6      | Noticed Sigmund
  4786 | D:6      | Killed Sigmund
  4989 | D:6      | Reached XP level 9. HP: 48/70 MP: 8/8
  5241 | D:7      | Noticed a moth of wrath
  5251 | D:7      | Found a bloodstained altar of Trog.
  5252 | D:7      | Noticed aheadsounds's ghost (weakling FeDe)
  5394 | D:7      | Found a transporter.
  5400 | D:7      | Found a transporter.
  5535 | D:7      | Noticed Prince Ribbit
  5542 | D:7      | Killed Prince Ribbit
  5739 | D:7      | Reached skill level 15 in Axes
  5871 | D:7      | Found a blossoming altar of Fedhas.
  5871 | D:7      | Found an iron altar of Okawaru.
  5871 | D:7      | Found a snail-covered altar of Cheibriados.
  5872 | D:7      | Found a sparkling altar of Nemelex Xobeh.
  6802 | D:8      | Found a shimmering blue altar of Sif Muna.
  6824 | D:8      | Identified the +3 short sword "Tadue" {pain, rC+ Str+3}
  6997 | D:8      | HP: 3/70 [orc warrior/+4 heavy war axe (11)]
  7045 | D:8      | Reached skill level 5 in Shields
  7498 | D:9      | Found a radiant altar of Vehumet.
  7498 | D:9      | Noticed a two-headed ogre
  7512 | D:9      | Killed a two-headed ogre
  7513 | D:9      | Reached XP level 10. HP: 77/77 MP: 9/9
  7907 | D:9      | Reached skill level 5 in Throwing
  8224 | D:10     | Entered Level 10 of the Dungeon
  8242 | D:9      | Reached skill level 1 in Evocations
  8487 | D:10     | Reached skill level 5 in Fighting
  8525 | D:10     | Reached skill level 4 in Armour
  8545 | D:10     | Noticed a two-headed ogre
  8590 | D:10     | Killed a two-headed ogre
  8591 | D:10     | Reached skill level 6 in Armour
  8732 | D:10     | Found a runed translucent door.
  8732 | D:10     | Noticed a gargoyle
  8732 | D:10     | Noticed a two-headed ogre
  8734 | D:10     | Noticed a two-headed ogre
  8735 | D:10     | Noticed a manticore
  8748 | D:10     | Killed a two-headed ogre
  8749 | D:10     | Reached skill level 7 in Armour
  8749 | D:10     | Noticed a tengu warrior
  8948 | D:10     | Identified the +0 leather armour of Ignis's Delight {Str+3}
  9043 | D:10     | Reached skill level 8 in Armour
  9245 | D:11     | Reached XP level 11. HP: 77/86 MP: 10/10
  9295 | D:11     | Found a staircase to the Orcish Mines.
  9307 | D:11     | Noticed a two-headed ogre
  9314 | D:11     | Killed a two-headed ogre
  9399 | D:11     | Reached skill level 9 in Armour
  9498 | D:11     | Found a staircase to the Lair.
  9585 | D:11     | Reached skill level 10 in Armour
  9607 | D:11     | Noticed a two-headed ogre
  9617 | D:11     | Killed a two-headed ogre
  9806 | D:12     | Reached skill level 11 in Armour
  9937 | D:12     | Reached skill level 12 in Armour
 10126 | D:12     | Noticed a sixfirhy
 10306 | D:12     | Identified the +3 ring mail of Dyban {Int-2 Dex+4}
 10394 | D:12     | Found Vum Wil's General Store.
 10402 | D:12     | Bought a +0 pair of boots for 54 gold pieces
 10402 | D:12     | Bought a scroll of butterflies for 48 gold pieces
 10465 | D:12     | Noticed Fannar
 10481 | D:12     | Killed Fannar
 11082 | D:12     | Noticed a skeletal warrior
 11083 | D:12     | Noticed a skeletal warrior
 11084 | D:12     | Noticed a skeletal warrior
 11085 | D:12     | Noticed a skeletal warrior
 11647 | D:13     | Reached skill level 13 in Armour
 11863 | D:13     | Noticed a boulder beetle
 11868 | D:13     | Found a hide-covered altar of Uskayaw.
 11872 | D:13     | Killed a boulder beetle
 11873 | D:13     | Reached XP level 12. HP: 29/94 MP: 11/11
 11991 | D:13     | Reached skill level 14 in Armour
 12146 | D:13     | Noticed a boulder beetle
 12167 | D:13     | Killed a boulder beetle
 12453 | D:13     | Noticed Erolcha
 12463 | D:13     | Killed Erolcha
 12738 | D:14     | Noticed a death knight
 13260 | Temple   | Entered the Ecumenical Temple
 13279 | Temple   | Became a worshipper of Yredelemnul the Dark
 13470 | Lair:1   | Entered Level 1 of the Lair of Beasts
 13589 | Lair:1   | Reached * piety under Yredelemnul
 13590 | Lair:1   | Reached ** piety under Yredelemnul
 13637 | Lair:1   | Reached *** piety under Yredelemnul
 13727 | Lair:1   | Reached skill level 10 in Shields
 13732 | Lair:1   | Reached **** piety under Yredelemnul
 13752 | Lair:1   | Reached ***** piety under Yredelemnul
 13849 | Lair:1   | Reached ****** piety under Yredelemnul
 13868 | Lair:1   | Found a dark tunnel.
 13889 | Volcano  | Entered a volcano
 14346 | Volcano  | Found a bloodstained altar of Trog.
 14346 | Volcano  | Noticed a centaur warrior
 14354 | Volcano  | Killed a centaur warrior
 14355 | Volcano  | Reached skill level 5 in Evocations
 14363 | Volcano  | Noticed a red draconian
 14366 | Volcano  | Gained mutation: You are agile. (Dex +4, Str/Int -1)
                  | [potion of mutation]
 14366 | Volcano  | Gained mutation: Your system is resistant to poisons.
                  | (rPois) [potion of mutation]
 14373 | Volcano  | Killed a red draconian
 15207 | Lair:1   | You fall into a shaft and drop 1 floor!
 15341 | Lair:1   | Noticed a boulder beetle
 15362 | Lair:1   | Killed a boulder beetle
 15363 | Lair:1   | Reached XP level 13. HP: 94/107 MP: 12/12
 15606 | Lair:1   | Found a runed translucent door.
 15654 | Lair:1   | Found a runed translucent gate.
 15654 | Lair:1   | Found a runed translucent gate.
 15654 | Lair:1   | Found a runed translucent gate.
 15654 | Lair:1   | Found a runed translucent gate.
 15655 | Lair:1   | Found a runed translucent gate.
 15657 | Lair:1   | Found a runed translucent gate.
 15701 | Lair:1   | Reached skill level 15 in Armour
 16173 | Orc:1    | Entered Level 1 of the Orcish Mines
 16389 | Orc:1    | Reached skill level 16 in Armour
 16657 | Orc:1    | Paralysed by an orc sorcerer for 4 turns
 16776 | Orc:2    | Entered Level 2 of the Orcish Mines
 16802 | Orc:2    | Found a frozen archway.
 16858 | IceCv    | Entered an ice cave
 16876 | IceCv    | Found a transporter.
 16964 | IceCv    | Found a transporter.
 17239 | IceCv    | Identified the +6 orcbow of the Painted God {heavy, rF+
                  | Int+3}
 17362 | Orc:2    | Reached skill level 17 in Armour
 17459 | Orc:2    | Found Faif Duo's Antique Armour Boutique.
 17467 | Orc:2    | Gained mutation: You occasionally lose the ability to read
                  | scrolls when taking damage. [a neqoxec]
 17469 | Orc:2    | Gained mutation: You are frail. (-10% HP) [a neqoxec]
 17497 | Orc:2    | Found Yteanel's Jewellery Shop.
 17681 | Orc:2    | Reached skill level 18 in Armour
 17774 | Orc:2    | Found Husim's General Store.
 17784 | Orc:2    | Bought a scroll of identify for 36 gold pieces
 17787 | Orc:2    | Noticed an orc warlord
 17788 | Orc:2    | Found Juinesch's Antique Weapon Shoppe.
 17808 | Orc:2    | Killed an orc warlord
 17809 | Orc:2    | Reached skill level 1 in Invocations
 17815 | Orc:2    | Paralysed by an orc sorcerer for 5 turns
 17816 | Orc:2    | Slain by a soul eater

Illustrated notes

Levels and vault maps discovered:
D:1:      saegor_arrival_simple_a, layout_basic, ebering_ecumenical_altar_ruins
D:2:      layout_basic, basic_altar, roderic_serpentine_path
D:3:      layout_basic, hangedman_decor_push
D:4:      layout_loops_ring, temple_statues, patterned_corridor
D:5:      layout_loops_ring, ashenzari_conservatory_becter,
          minmay_joined_circles, uniq_crazy_yiuf_cottage
D:6:      layout_cave_pods, minivault_25, uniq_eustachio, uniq_blork_the_orc,
          uniq_sigmund
D:7:      nicolae_cairo_tiling_very_big, layout_gridville,
          chequers_temple_overflow_statue_of_worship, serial_rivers,
          chequers_serial_rivers_micro_e, chequers_serial_rivers_micro_c,
          chequers_serial_rivers_micro_e, chequers_serial_rivers_large_a,
          chequers_serial_rivers_micro_d, chequers_serial_rivers_small_3,
          gammafunk_ghost_wrathful_warriors,
          serial_library_hellmonk_reading_circle, uniq_prince_ribbit1
D:8:      layout_basic, nicolae_sif_muna_condensation
D:9:      layout_rooms, amcnicky_altar_gilded
D:10:     layout_rooms, minmay_st_funbox
D:11:     layout_big_octagon, grunt_lair_entry_orc_guard_hut, orc_0_dummy
D:12:     layout_cave_pods, serial_shops, shop,
          hangedman_abyss_or_decor_stagger, uniq_fannar
D:13:     layout_long_grid, eat_drink_and_be_merry_uskayaw, uniq_erolcha
D:14:     layout_basic, david_vaults_2
Temple:   nicolae_temple_superstar
Lair:1:   gammafunk_indiana_jones, layout_big_grid, enter_volcano_3,
          st_stairs_3, infiniplex_staircase_pool_2
Lair:2:   layout_loops_ring, shoals_dummy_entry, tgw_fedhas,
          serial_bayou_shore_a
Orc:1:    layout_caves
Orc:2:    grunt_orc_gardens, layout_caves, grunt_orc_garden, grunt_orc_garden,
          grunt_orc_garden, grunt_orc_garden,
          portal_ice_cave_entry_ice_simulacra

Skill      XL: |  1  2  3  4  5  6  7  8  9 10 11 12 13 |
---------------+----------------------------------------+-----
Dodging        | 1 3 |  3.0
Axes           | 4 5 7 8 10 13 16 | 16.0
Shields        | 5 10 | 10.0
Throwing       | 3 6 |  6.3
Fighting       | 5 8 |  8.0
Evocations     | 2 4 6 |  6.0
Armour         | 8 13 14 18 | 18.0
Invocations    | 1 |  1.7

Action                     |  1- 3 |  4- 6 |  7- 9 | 10-12 | 13-15 || total
---------------------------+-------+-------+-------+-------+-------++-------
  Melee: War axe           |    89 |    95 |   273 |   363 |   247 ||  1067
         Headbutt          |    12 |    12 |    54 |    61 |    74 ||   213
         Great mace        |       |       |       |       |    14 ||    14
  Throw: Dart              |       |       |     9 |    63 |     3 ||    75
 Invoke: Recall Undead Har |       |       |       |       |     1 ||     1
  Evoke: Wand              |       |       |     4 |    17 |     8 ||    29
    Use: Scroll            |       |     4 |    13 |    13 |     7 ||    37
         Potion            |       |       |     9 |     9 |     3 ||    21
   Stab: Paralysed         |       |       |       |    11 |     2 ||    13
         Distracted        |       |       |       |     3 |     4 ||     7
         Petrifying        |       |       |       |       |     1 ||     1
         Petrified         |       |       |       |       |     1 ||     1
         Sleeping          |       |       |       |       |     1 ||     1
 Armour: Scale mail        |    58 |    49 |   146 |   243 |   118 ||   614
  Dodge: Dodged            |    54 |    40 |   168 |   176 |   113 ||   551
         Repelled          |     1 |     3 |       |     8 |     4 ||    16
  Block: Buckler           |    21 |    28 |    51 |    31 |       ||   131
         Kite shield       |       |       |       |   127 |   189 ||   316
         Reflection        |       |       |       |       |    17 ||    17
         Other             |       |       |       |       |     3 ||     3
